 Dungeon Crawl Stone Soup version 0.28.0-47-ge53b351184 (webtiles) character file.

Game seed: 9231670059939772907

99 hawla the Digger (level 4, 0/24 HPs)
             Began as a Deep Elf Earth Elementalist on May 10, 2022.
             Slain by Sigmund
             ... wielding a +0 scythe
              (12 damage)
             ... on level 3 of the Dungeon.
             The game lasted 00:06:56 (2415 turns).

hawla the Digger (Deep Elf Earth Elementalist)      Turns: 2415, Time: 00:06:57

Health: 0/24       AC:  4    Str:  5    XL:     4   Next: 45%
Magic:  2/12       EV: 13    Int: 22    God:
Gold:   197        SH:  0    Dex: 15    Spells: 7/11 levels left

rFire   . . .      SeeInvis .   g - staff of earth
rCold   . . .      Faith    .   (no shield)
rNeg    . . .      Spirit   .   b - +1 robe
rPois   .          Reflect  .   j - +1 hat
rElec   .          Harm     .   (no cloak)
rCorr   .          Rampage  .   (no gloves)
Will    .....                   (no boots)
Stlth   ++........              (no amulet)
HPRegen 0.08/turn               (no ring)
MPRegen 0.13/turn               (no ring)

@: no status effects
A: no striking features
a: no special abilities


You were on level 3 of the Dungeon.
You visited 1 branch of the dungeon, and saw 3 of its levels.

You collected 197 gold pieces.

Inventory:

Missiles
 c - 43 stones
 h - 4 poisoned darts
Armour
 b - a +1 robe (worn)
 j - a +1 hat (worn)
Magical Staves
 g - a staff of earth (weapon)
Scrolls
 d - a scroll of vulnerability
 m - a scroll of enchant armour
Potions
 a - a potion of degeneration {unknown}
 e - a potion of curing {unknown}
 f - a potion of flight {unknown}
 i - a potion of haste {unknown}
 l - a potion of mutation {unknown}


   Skills:
 - Level 2.7 Dodging
 - Level 2.8 Stealth
 - Level 4.4 Spellcasting
 * Level 0.7 Conjurations
 - Level 1.2 Transmutations
 + Level 4.6 Earth Magic


You had 7 spell levels left.
You knew the following spells:

 Your Spells              Type           Power      Damage    Failure   Level
a - Sandblast             Erth           74%        2d16      1%          1
b - Stone Arrow           Conj/Erth      50%        3d10      11%         3

Your spell library contained the following spells:

 Spells                   Type           Power      Damage    Failure   Level
 Passwall                 Tmut/Erth      21%        N/A       4%          2
 Ozocubu's Armour         Ice            4%         N/A       32%         3
 Petrify                  Tmut/Erth      26%        N/A       32%         4
 Ozocubu's Refrigeration  Ice            2%         4d5       100%        7


Dungeon Overview and Level Annotations

Branches:
Dungeon (3/15)

Altars:

Annotations:
D:3 Sigmund


Message History

Aiming: Stone Arrow (quite dangerous; 11% risk of failure)
Press: ? - help, Shift-Dir - straight line, f - orc
Aim: an orc, wielding a +0 club (71% to hit)
You feel a surge of power!
The stone arrow hits the orc!!
You kill the orc!
A frilled lizard is nearby!
A frilled lizard is nearby!
A frilled lizard is nearby!
A frilled lizard is nearby!
Casting: Stone Arrow (quite dangerous; 11% risk of failure)
Confirm with . or Enter, or press ? or * to list all spells.
The spell is quite dangerous to miscast (11% risk of failure)!
Continue anyway?
Aiming: Stone Arrow (quite dangerous; 11% risk of failure)
Press: ? - help, Shift-Dir - straight line, f - frilled lizard
Aim: a frilled lizard (53% to hit)
You feel a surge of power!
The stone arrow hits the frilled lizard!
You kill the frilled lizard!
Sigmund the Dreaded comes into view.
He is wielding a +0 scythe.
Sigmund is nearby!
Sigmund is nearby!
Sigmund mumbles some strange words.
Sigmund flickers and vanishes!
Deactivating autopickup; reactivate with Ctrl-A.
You are confused.
You're too confused to move!
You feel less confused.
You start resting.
Something hits you!
Ouch! That really hurt!
Casting: Stone Arrow (quite dangerous; 11% risk of failure)
Confirm with . or Enter, or press ? or * to list all spells.
You can't see any susceptible monsters within range! (Use Z to cast anyway.)
Casting: Stone Arrow (quite dangerous; 11% risk of failure)
Confirm with . or Enter, or press ? or * to list all spells.
The spell is quite dangerous to miscast (11% risk of failure)!
Continue anyway?
Aiming: Stone Arrow (quite dangerous; 11% risk of failure)
Press: ? - help, Shift-Dir - straight line You feel a surge of power!
The stone arrow hits something!
Something hits you!
Ouch! That really hurt!
You die...

###### .#########....######
.........................)....
........ .............######
....$.. #.........#### .....#
#............# )...#
###.....######.# #)..#
#.[...†.# .# #.@.# #@......###
# #[..# #.........####
#...#######{#####.....
#.....{......###..P≈.≈
#...#####.....#..≈≈≈≈P #####
#.###...P≈.≈≈≈ #.##..≈.≈≈≈P≈≈
#.##..≈≈≈≈≈≈≈≈
###.#..≈P≈≈≈≈≈P≈


There were no monsters in sight!

Vanquished Creatures
  4 adders
  A worm (D:2)
  An orc (D:3)
  A ball python (D:3)
  3 endoplasms (D:2)
  2 giant cockroaches (D:1)
  10 goblins
  9 hobgoblins
  2 jackals (D:2)
  4 quokkas
  5 bats
  4 frilled lizards
  7 kobolds
  A rat (D:2)
54 creatures vanquished.

Vanquished Creatures (others)
  4 plants (D:3)
4 creatures vanquished.

Grand Total: 58 creatures vanquished

Notes
Turn   | Place    | Note
-------+----------+-------------------------------------------
     0 | D:1      | hawla the Deep Elf Earth Elementalist began the quest for
                  | the Orb.
     0 | D:1      | Reached XP level 1. HP: 10/10 MP: 6/6
    39 | D:1      | Found a faded altar of an unknown god.
   596 | D:1      | Reached XP level 2. HP: 15/15 MP: 6/8
  1415 | D:2      | Reached XP level 3. HP: 19/19 MP: 7/10
  1419 | D:2      | Learned a level 3 spell: Stone Arrow
  1812 | D:2      | Reached XP level 4. HP: 22/24 MP: 1/12
  2399 | D:3      | Noticed Sigmund
  2415 | D:3      | Slain by Sigmund

Illustrated notes

Levels and vault maps discovered:
D:1:      matt_arrival_refuge, layout_loops_corners,
          hellmonk_ecumenical_altar_run_dry
D:2:      cheibrodos_greedy_goblins, layout_basic
D:3:      layout_basic, nicolae_gozag_cash_rules_everything_around_me,
          chequers_big_river, uniq_sigmund

Skill      XL: |  1  2  3 |
---------------+----------+-----
Spellcasting   | 4 |  4.4
Earth Magic    | 4 |  4.6
Dodging        | |  2.7
Stealth        | |  2.8
Conjurations   | |  0.7
Transmutations | |  1.2

Action                   |  1- 3 |  4- 6 || total
-------------------------+-------+-------++-------
Melee: Unarmed           |     4 |       ||     4
       Staff             |     7 |    14 ||    21
 Cast: Sandblast         |    49 |     5 ||    54
       Stone Arrow       |     2 |     6 ||     8
  Use: Scroll            |     3 |     2 ||     5
Armor: Robe              |     7 |     3 ||    10
Dodge: Dodged            |    15 |     9 ||    24
